 Dungeon Crawl Stone Soup version 0.27.0-1-g7a089689b8 (console) character file.

Game seed: 7960111524901919157

54 jejorda2 the Vexing (level 3, -1/28 HPs)
             Began as a Palentonga Enchanter on Aug 9, 2021.
             Slain by Natasha (4 damage)
             ... on level 2 of the Dungeon.
             The game lasted 00:05:05 (2011 turns).

jejorda2 the Vexing (Palentonga Enchanter)          Turns: 2011, Time: 00:05:06

Health: -1/28      AC:  4    Str: 12    XL:     3   Next: 66%
Magic:  4/6        EV:  9    Int: 15    God:
Gold:   83         SH:  0    Dex: 10    Spells: 3/6 levels left

rFire    . . .     SeeInvis +   a - +1 dagger
rCold    . . .     Faith    .   (no shield)
rNeg     . . .     Spirit   .   b - +0 robe
rPois    .         Reflect  .   (no helmet)
rElec    .         Harm     .   (no cloak)
rCorr    .         Rampage  .   (no gloves)
Will     .....                  (no barding)
Stlth    ++........             (no amulet)
HPRegen  0.09/turn              (no ring)
MPRegen  0.10/turn              (no ring)

@: no status effects
A: large, rugged brown scales 3, see invisible, deformed body, roll 1, armoured
tail
a: Rolling Charge


You were on level 2 of the Dungeon.
You visited 1 branch of the dungeon, and saw 2 of its levels.

You collected 83 gold pieces.

Inventory:

Hand Weapons
 a - a +1 dagger (weapon)
Armour
 b - a +0 robe (worn)
Scrolls
 c - a scroll of identify {unknown}
 d - a scroll of acquirement {unknown}
 f - a scroll of teleportation {unknown}
 g - a scroll of torment {unknown}
 h - a scroll of noise {unknown}
Potions
 e - a potion of might {unknown}


   Skills:
 + Level 2.2 Fighting
 - Level 1.1 Short Blades
 - Level 1.5 Dodging
 - Level 2.0 Stealth
 - Level 2.0 Spellcasting
 - Level 3.6 Hexes
 + Level 0.8 Ice Magic


You had 3 spell levels left.
You knew the following spells:

 Your Spells              Type           Power      Damage    Failure   Level
a - Corona                Hex            13%        N/A       4%          1
b - Ensorcelled Hibernat  Hex/Ice        16%        N/A       14%         2

Your spell library contained the following spells:

 Spells                   Type           Power      Damage    Failure   Level
 Confusing Touch          Hex            12%        N/A       16%         3
 Tukima's Dance           Hex            12%        N/A       16%         3
 Blink                    Tloc           N/A        N/A       32%         2
 Dazzling Flash           Conj/Hex       12%        N/A       32%         3
 Manifold Assault         Tloc           1%         N/A       99%         5
 Storm Form               Tmut/Air       0%         N/A       100%        7


Dungeon Overview and Level Annotations

Branches:
Dungeon (2/15)

Altars:
Zin

Annotations:
D:2 Natasha


Innate Abilities, Weirdness & Mutations

You are completely covered in rugged brown scales. (AC +3, +7% HP)
You have supernaturally acute eyesight. (SInv)
Armour fits poorly on your strangely shaped body.
You can roll at nearby foes to attack.
You have a long armoured tail.


Message History

Unknown command.
Items here: ) †.
You roll forward with a clatter of scales!
You puncture the quokka!
You kill the quokka!
You now have 83 gold pieces (gained 9).
h - a scroll labelled WUSCHA CIUNEAJ You roll forward with a clatter of scales!
Natasha hisses angrily.
You hit Natasha.
Natasha is heavily wounded.
Natasha casts a spell.
Casting: Ensorcelled Hibernation (safe; 14% risk of failure)
Confirm with . or Enter, or press ? or * to list all spells.
Aiming: Ensorcelled Hibernation (safe; 14% risk of failure)
Press: ? - help, Shift-Dir - straight line, f/p - Natasha
Aim: Natasha (heavily wounded, chance to affect: 39%) Natasha resists with some effort.
Natasha barely misses you. The shadow imp hits you.
Found 10 gold pieces.
Unknown command.
You hit Natasha.
Natasha is heavily wounded.
Natasha barely misses you.
You hit Natasha.
Natasha is severely wounded.
The shadow imp gestures at you. Pain shoots through your body!
Ouch! That really hurt!
Natasha claws you!
* * * LOW HITPOINT WARNING * * *
You closely miss Natasha.
Natasha is severely wounded.
The shadow imp completely misses you.
Natasha casts a spell.
Unknown command.
You barely miss Natasha.
Natasha is severely wounded.
The shadow imp barely misses you. Natasha claws you.
You die...

### ..##### #....
.P....# #...# #####
≈.....###...#+##...#
≈.....##.......#...#
≈.....##.......#...#
......##.......#...#
......##.......#@h.#
................55.#
###.......§#§8P....#
#........§§§P....#
#......§.§.§8§§.....
#........#8§§§##....
#........##.### ....
#........##... ....$
#........# #### ..


You could see Natasha, a crimson imp (summoned) and a shadow imp (summoned).

Vanquished Creatures
  A worm (D:2)
  3 dart slugs
  A bat zombie (D:2)
  7 endoplasms
  2 giant cockroaches (D:2)
  7 goblins
  5 hobgoblins
  2 quokkas
  2 ball pythons (D:2)
  2 bats
  3 frilled lizards (D:1)
  A kobold (D:1)
  5 rats
41 creatures vanquished.

Notes
Turn   | Place    | Note
-------+----------+-------------------------------------------
     0 | D:1      | jejorda2 the Palentonga Enchanter began the quest for the
                  | Orb.
     0 | D:1      | Reached XP level 1. HP: 13/13 MP: 3/3
   315 | D:1      | Reached skill level 1 in Fighting
   315 | D:1      | Reached XP level 2. HP: 22/22 MP: 5/5
   417 | D:1      | Learned a level 2 spell: Ensorcelled Hibernation
   869 | D:1      | Reached XP level 3. HP: 23/28 MP: 6/6
  1112 | D:2      | Noticed Natasha
  1462 | D:2      | Found a glowing silver altar of Zin.
  2011 | D:2      | Slain by Natasha

Illustrated notes

Levels and vault maps discovered:
D:1:      matt_arrival_diagonals, layout_basic
D:2:      layout_basic, serial_undead, serial_undead_f, serial_undead_e,
          serial_undead_f, serial_undead_c, basic_altar, minmay_door_square,
          bh_walls_and_bars, uniq_natasha

Skill      XL: |  1  2  3 |
---------------+----------+-----
Fighting       | 1 2 |  2.2
Short Blades   | |  1.1
Dodging        | |  1.5
Stealth        | |  2.0
Spellcasting   | |  2.0
Hexes          | |  3.6
Ice Magic      | |  0.8

Action                   || total
-------------------------++-------
Melee: Dagger            ||   115
       Tailslap          ||    18
 Cast: Ensorcelled Hiber ||     2
 Abil: Rolling Charge    ||    30
Armor: Robe              ||    43
Dodge: Dodged            ||    40
